 Dungeon Sprint DCSS version 0.17-a0-1760-ga6756ae (webtiles) character file.

1546 Kidiri the Basher (level 8, 0/93 HPs)
             Began as a Troll Berserker on Sept 3, 2015.
             Was an Elder of Trog.
             Shot with an arrow of frost by a centaur warrior (24 damage)
             ... in the Dungeon (Sprint I: "Red Sonja").
             The game lasted 00:03:37 (493 turns).

Kidiri the Basher (Troll Berserker)                  Turns: 493, Time: 00:03:37

Health: 0/93       AC:  5    Str: 28    XL:     8   Next: 57%
Magic:  7/7        EV: 13    Int:  3    God:    Trog [****..]
Gold:   441        SH:  0    Dex:  9    Spells: 0 memorised, 7 levels left

rFire  . . .     SeeInvis .     a - +0 giant club
rCold  . . .     Clarity  .     b - +0 animal skin
rNeg   . . .     SustAt   .     (no shield)
rPois  .         Gourm    +     (helmet restricted)
rElec  .         Spirit   .     (no cloak)
rCorr  .         Warding  .     (gloves unavailable)
rMut   .         NoTele   +     (boots unavailable)
MR     .....                    (no amulet)
Stlth  +.........               (no ring)
                                (no ring)

@: exhausted, slowed, very slow, not resistant to hostile enchantments, very
unstealthy
A: unfitting armour, claws 3, fast metabolism 3, gourmand, regeneration 2,
shaggy fur 1, tough skin 2
a: Burn Spellbooks, Berserk, Trog's Hand, Brothers in Arms, Renounce Religion


You were in the Dungeon.
You worshipped Trog.
Trog was greatly pleased with you.
You were very full.

You visited 1 branch You collected 441 gold pieces.

Inventory:

Hand weapons
 a - a +0 giant club (weapon)
Missiles
 k - 3 large rocks (quivered)
Armour
 b - a +0 animal skin (worn)
Scrolls
 i - a scroll of blinking
Potions
 d - a potion of curing
 e - a potion of heal wounds
 f - a potion of haste
 g - 2 potions of magic
 h - a potion of berserk rage
Comestibles
 c - 2 bread rations
 j - a chunk of flesh


   Skills:
 + Level 9.6 Fighting
 + Level 10.5 Maces & Flails
 + Level 2.6 Throwing
 + Level 9.6 Dodging


You had 7 spell levels left.
You didn't know any spells.

Dungeon Overview and Level Annotations

Branches:
Dungeon (1/1)

Altars:
Cheibriados
Dithmenos
Elyvilon
Fedhas
Gozag
Kikubaaqudgha
Makhleb
Nemelex Xobeh
Okawaru
Qazlal
Ru
Sif Muna
Trog
Vehumet
Xom
Yredelemnul
Zin
The Shining One
Jiyva

Shops:
D (


Innate Abilities, Weirdness & Mutations

You are too large for most types of armour.
You have claws for hands.
Your metabolism is lightning-fast.
You like to eat raw meat.
You heal very quickly.
You are covered in fur (AC +1).
You have very tough skin (AC +2).


Message History

Drink which item? (? for menu, Esc to quit)
Okay, then.
Unknown command.
The centaur warrior shoots an arrow of frost.
The arrow of frost closely misses you.
The centaur warrior shoots an arrow of frost.
The arrow of frost hits you! The arrow of frost freezes you!
You see here an arrow of frost.
Unknown command.
The centaur warrior shoots an arrow of frost.
The arrow of frost hits you! The arrow of frost freezes you.
The centaur warrior shoots an arrow of frost.
The arrow of frost hits you!
* * * LOW HITPOINT WARNING * * *
The arrow of frost freezes you.
* * * LOW HITPOINT WARNING * * *
You see here an arrow of frost.
The centaur warrior shoots an arrow of frost.
The arrow of frost hits you!!
You die...

##########################
#<.#..'..#..'..#__#..'÷..#
#..'..#..'..#..'..'..#...#
#..#####'#####'#__####...+
#..####[.#...#@####$§#####
#..#__####..##(#§§§..#
#..#_..__##+#((§§§§§
#⌠⌠#_.∩...÷..._#c§≈§.#
####_..._##_.#+##+####
#_____###+#.# ####### ###


You could see a centaur warrior.

Vanquished Creatures
  2 kobold demonologists (D)
  A slime creature (D)
  A yak (D)
  Sigmund (D)
  An ogre (D)
  A jelly (D)
  Ijyb (D)
  A giant eyeball (D)
9 creatures vanquished.

Vanquished Creatures (collateral kills)
  A centaur warrior (D)
1 creature vanquished.

Grand Total: 10 creatures vanquished

Notes
Turn   | Place    | Note
--------------------------------------------------------------
     0 | D        | Kidiri the Troll Berserker began the quest for the Orb.
     0 | D        | Reached XP level 1. HP: 22/22 MP: 0/0
     2 | D        | Noticed Ijyb
    12 | D        | Killed Ijyb
    12 | D        | Reached skill level 3 in Fighting
    12 | D        | Reached skill level 4 in Maces & Flails
    12 | D        | Reached XP level 2. HP: 29/32 MP: 1/1
   124 | D        | Noticed an ogre
   128 | D        | Killed an ogre
   128 | D        | Reached skill level 5 in Fighting
   128 | D        | Reached skill level 5 in Maces & Flails
   128 | D        | Reached skill level 5 in Dodging
   128 | D        | Reached XP level 3. HP: 42/42 MP: 2/2
   128 | D        | Reached XP level 4. HP: 50/50 MP: 3/3
   184 | D        | Noticed Sigmund
   191 | D        | Killed Sigmund
   191 | D        | Acquired Trog's second power
   191 | D        | Reached skill level 6 in Fighting
   191 | D        | Reached skill level 7 in Maces & Flails
   191 | D        | Reached XP level 5. HP: 48/61 MP: 4/4
   191 | D        | Reached XP level 6. HP: 53/68 MP: 5/5
   236 | D        | Found a snail-covered altar of Cheibriados.
   236 | D        | Found a viscous altar of Jiyva.
   236 | D        | Found a shadowy altar of Dithmenos.
   236 | D        | Found a blossoming altar of Fedhas.
   236 | D        | Noticed a slime creature
   241 | D        | Killed a slime creature
   241 | D        | Reached skill level 8 in Maces & Flails
   271 | D        | Found a deep blue altar of Sif Muna.
   272 | D        | Noticed a jelly
   273 | D        | Found a radiant altar of Vehumet.
   279 | D        | Killed a jelly
   319 | D        | Found Ogunyewk's Weapon Emporium.
   319 | D        | Found a white marble altar of Elyvilon.
   319 | D        | Found a stormy altar of Qazlal.
   319 | D        | Found a burning altar of Makhleb.
   319 | D        | Found a sacrificial altar of Ru.
   319 | D        | Found a basalt altar of Yredelemnul.
   319 | D        | Found a glowing golden altar of the Shining One.
   319 | D        | Found a sparkling altar of Nemelex Xobeh.
   319 | D        | Found a shimmering altar of Xom.
   319 | D        | Found an opulent altar of Gozag.
   319 | D        | Found an ancient bone altar of Kikubaaqudgha.
   319 | D        | Found a glowing silver altar of Zin.
   319 | D        | Noticed a yak
   323 | D        | Killed a yak
   323 | D        | Reached skill level 9 in Maces & Flails
   323 | D        | Reached XP level 7. HP: 44/80 MP: 6/6
   324 | D        | Found an iron altar of Okawaru.
   336 | D        | Found a bloodstained altar of Trog.
   380 | D        | Noticed a kobold demonologist
   381 | D        | Noticed a kobold demonologist
   387 | D        | Noticed a rust devil
   387 | D        | Killed a kobold demonologist
   387 | D        | Acquired Trog's third power
   396 | D        | Killed a kobold demonologist
   396 | D        | Received a gift from Trog
   396 | D        | Reached skill level 10 in Maces & Flails
   396 | D        | Reached XP level 8. HP: 72/92 MP: 7/7
   488 | D        | Noticed a centaur warrior
   489 | D        | Killed a centaur warrior
   490 | D        | Noticed a centaur warrior
   493 | D        | Shot with an arrow of frost by a centaur warrior

Vault maps used:
D:        dungeon_sprint_1

Action                   |  1- 3 |  4- 6 |  7- 9 || total
-------------------------+-------+-------+-------++-------
Melee: Mace              |    14 |       |       ||    14
       Giant club        |       |    18 |    14 ||    32
Invok: Berserk           |     1 |     1 |     2 ||     4
       Brothers in Arms  |       |       |     1 ||     1
 Stab: Sleeping          |       |     1 |       ||     1
  Eat: Chunk             |     2 |     6 |     5 ||    13
